 Dungeon Crawl Stone Soup version 0.23-a0-481-g60b89c1 (webtiles) character file.

14732 XanderDroid the Fighter (level 12, 0/102 HPs)
             Began as a Gnoll Wanderer on Nov 29, 2018.
             Was a Believer of Ashenzari.
             Slain by a six-headed hydra (7 damage)
             ... on level 1 of the Lair of Beasts.
             The game lasted 01:20:35 (21903 turns).

XanderDroid the Fighter (Gnoll Wanderer)           Turns: 21903, Time: 01:20:35

Health: 0/102      AC: 16    Str: 18    XL:     12   Next: 19%
Magic:  21/22      EV: 16    Int: 31    God:    Ashenzari [**....]
Gold:   401        SH: 14    Dex: 19    Spells: 20/24 levels left

rFire    . . .     SeeInvis .   a - +3 whip (venom)
rCold    . . .     Gourm    .   l - +3 shield
rNeg     . . .     Faith    .   G - +0 ring mail {rPois} (curse)
rPois    +         Spirit   .   t - +1 helmet "Fihoem" {rElec rCorr Int+4} (curse)
rElec    +         Reflect  .   r - +0 cloak
rCorr    +         Harm     .   K - +2 pair of gloves (curse)
MR       .....                  L - +1 pair of boots of Failure {Str+3}
Stlth    ++++......             c - amulet of the acrobat
HPRegen  0.27/turn              o - ring of stealth
MPRegen  0.18/turn              C - ring "Naoc" {Int+8 Dex+4} (curse)

@: confusing touch, about to teleport
A: distributed training, fangs 1, strong nose
a: Curse Item, Scrying, Renounce Religion


You were on level 1 of the Lair of Beasts.
You worshipped Ashenzari.
Ashenzari was pleased with you.
You were not hungry.

You visited 3 branches of the dungeon, and saw 13 of its levels.
You also visited: Sewer.

You collected 661 gold pieces.
You spent 260 gold pieces at shops.

Inventory:

Hand Weapons
 a - a +3 whip of venom (weapon)
 b - a +3 dagger
 F - a +3 morningstar of flaming
Missiles
 E - 5 throwing nets (quivered)
Armour
 l - a +3 shield (worn)
 r - a +0 cloak (worn)
 t - the cursed +1 helmet "Fihoem" (worn) {rElec rCorr Int+4}
   (You found it on level 11 of the Dungeon)

   It affects your intelligence (+4).
   It insulates you from electricity.
   It provides partial protection from all sources of acid and corrosion.
   It has a curse placed upon it.
 G - a cursed +0 ring mail of poison resistance (worn)
 K - a cursed +2 pair of gloves (worn)
 L - the +1 pair of boots of Failure (worn) {Str+3}
   (You found it on level 11 of the Dungeon)

   It affects your strength (+3).
Jewellery
 c - an amulet of the acrobat (around neck)
 o - a ring of stealth (left hand)
 C - the cursed ring "Naoc" (right hand) {Int+8 Dex+4}
   (You acquired it on level 1 of the Lair of Beasts)

   [ring of dexterity]

   It affects your intelligence (+8).
   It affects your dexterity (+4).
   It has a curse placed upon it.
Wands
 d - a wand of paralysis (27)
Scrolls
 e - 4 scrolls of teleportation
 g - 3 scrolls of fog
 h - 4 scrolls of immolation
 j - 2 scrolls of remove curse
 s - 2 scrolls of amnesia
 w - 2 scrolls of magic mapping
 x - 2 scrolls of blinking
Potions
 i - 5 potions of curing
 k - a potion of haste
 n - 8 potions of flight
 p - 4 potions of heal wounds
 v - a potion of invisibility
 y - a potion of mutation
 z - a potion of cancellation
 A - 3 potions of resistance
 B - a potion of lignification
 I - a potion of might
Comestibles
 f - 19 rations


   Skills:
 + Level 12.2 Fighting
 + Level 6.9 Short Blades
 + Level 6.9 Long Blades
 + Level 6.9 Axes
 + Level 6.9 Maces & Flails
 + Level 7.4 Polearms
 + Level 6.9 Staves
 + Level 6.9 Slings
 + Level 6.9 Bows
 + Level 6.9 Crossbows
 + Level 6.9 Throwing
 + Level 7.4(9.0) Armour
 + Level 6.9(8.4) Dodging
 + Level 8.2 Stealth
 + Level 6.9 Shields
 + Level 6.9 Unarmed Combat
 + Level 6.9 Spellcasting
 + Level 5.7 Conjurations
 + Level 5.7 Hexes
 + Level 5.7 Charms
 + Level 5.7 Summonings
 + Level 5.7 Necromancy
 + Level 5.7 Translocations
 + Level 5.7 Transmutations
 + Level 5.7 Fire Magic
 + Level 5.7 Ice Magic
 + Level 5.7 Air Magic
 + Level 5.7 Earth Magic
 + Level 5.7 Poison Magic
 + Level 7.6 Invocations
 + Level 7.4 Evocations


You had 20 spell levels left.
You knew the following spells:

 Your Spells              Type           Power        Failure   Level  Hunger
a - Confusing Touch       Hex            #####.       1%          1    None
b - Magic Dart            Conj           ####         1%          1    None
c - Ensorcelled Hibernat  Hex/Ice        #####.       3%          2    None

Your spell library contained the following spells:

 Spells                   Type           Power        Failure   Level  Hunger
 Corona                   Hex            #####..      1%          1    None
 Freeze                   Ice            ####         1%          1    None
 Searing Ray              Conj           #####.       3%          2    None
 Throw Frost              Conj/Ice       #####.       3%          2    None
 Confuse                  Hex            #####...     6%          3    None
 Dazzling Spray           Conj/Hex       #####.       6%          3    None
 Gell's Gravitas          Tloc           #####.....   6%          3    None
 Ozocubu's Armour         Chrm/Ice       #####...     6%          3    None
 Tukima's Dance           Hex            #####...     6%          3    None
 Force Lance              Conj/Tloc      #####...     19%         4    ##.....
 Fulminant Prism          Conj/Hex       #####.....   19%         4    ##.....
 Iskenderun's Mystic Bla  Conj           #####...     19%         4    ##.....
 Petrify                  Tmut/Erth      #####...     19%         4    ##.....
 Summon Ice Beast         Ice/Summ       #####...     19%         4    ##.....
 Throw Icicle             Conj/Ice       #####...     19%         4    ##.....
 Metabolic Englaciation   Hex/Ice        #####.....   47%         5    ####...
 Yara's Violent Unravell  Hex/Tmut       #####.....   47%         5    ####...


Dungeon Overview and Level Annotations

Branches:
Dungeon (11/15)            Temple (1/1) D:7            Lair (1/6) D:8
    Orc (0/2) D:9

Altars:
Ashenzari
Cheibriados
Dithmenos
Elyvilon
Fedhas
Gozag
Hepliaklqana
Kikubaaqudgha
Makhleb
Nemelex Xobeh
Okawaru
Qazlal
Ru
Sif Muna
Trog
Uskayaw
Vehumet
Wu Jian
Xom
Yredelemnul
Zin
The Shining One

Shops:
D:5 !


Innate Abilities, Weirdness & Mutations

Your experience applies equally to all skills.
You have very sharp teeth.
Your uncanny sense of smell can sniff out nearby items.


Message History

The six-headed hydra bites you but does no damage. x2
The six-headed hydra closely misses you.
The six-headed hydra bites you but does no damage.
You block the six-headed hydra's attack.
You hit the six-headed hydra but do no damage.
The six-headed hydra is moderately wounded.
You block the six-headed hydra's attack.
The six-headed hydra bites you!
The six-headed hydra bites you but does no damage.
The six-headed hydra bites you!
* * * LOW HITPOINT WARNING * * *
The six-headed hydra bites you!
* * * LOW HITPOINT WARNING * * *
The six-headed hydra bites you.
* * * LOW HITPOINT WARNING * * *
As you read the scroll of teleportation, it crumbles to dust.
You feel strangely unstable.
You block the six-headed hydra's attack. x3
The six-headed hydra barely misses you. The six-headed hydra bites you!
You die...

....##.....#..............#.....#
.#.........##......#.....##..##..
##..##.....##......#.....#.......
#... ##.##.##......#.............
....##..####....$..#..........>..
....................#.#.##.......
.........................#.......
................<................
................@............)...
................D........#.......
#.#..#.#..#####..........##..##..
###..####..###P....##.P###......#
#..##......#.....##..###.#....#
*#..##......#P....##......#.....
#..#.......#P.....#........D...
#...#......##....##.....##....#
*#..##.......รท....#......##.....


You could see a six-headed hydra.

Vanquished Creatures
  Harold (D:10)
  A two-headed ogre (D:8)
  Nergalle (D:11)
  A cyclops (D:11)
  A spiny frog (Lair:1)
  A komodo dragon (D:11)
  3 trolls
  6 slime creatures
  2 hippogriffs
  17 yaks
  2 wyverns (D:9)
  A steam dragon (D:9)
  Grum (D:8)
  3 vampire mosquitoes
  2 wargs (D:8)
  2 water moccasins (Lair:1)
  A porcupine (Lair:1)
  Purgy (Sewer)
  An eye of draining (D:9)
  5 orc warriors
  2 sky beasts
  3 phantoms
  2 ice beasts
  5 ogres
  3 centaurs
  2 wolves (D:8)
  A crocodile (Lair:1)
  A big kobold (D:8)
  4 bullfrogs
  A gnoll sergeant (D:7)
  2 wyvern skeletons
  7 scorpions
  5 killer bees (D:11)
  8 wights
  3 jellies
  8 crimson imps
  2 centaur zombies
  A quasit (D:8)
  A bullfrog zombie (D:6)
  6 hounds
  A gnoll shaman (D:4)
  10 orc priests
  2 bullfrog skeletons
  Natasha (twice) (D:4)
  14 orc wizards
  3 worker ants
  2 human simulacra (D:11)
  A hound zombie (D:6)
  2 hound skeletons
  2 worker ant zombies
  8 gnolls
  11 adders
  3 shadow imps
  4 oozes
  An adder skeleton (D:7)
  4 worms
  3 dart slugs
  3 leopard geckos
  55 orcs
  A ball python (Sewer)
  9 giant cockroaches
  10 hobgoblins
  9 jackals
  2 quokkas
  9 bats
  9 frilled lizards
  11 goblins
  A jackal skeleton (D:4)
  18 kobolds
  A quokka skeleton (D:4)
  9 rats
340 creatures vanquished.

Vanquished Creatures (others)
  A jackal (D:11)
  2 fungi (Lair:1)
  A plant (Lair:1)
4 creatures vanquished.

Grand Total: 344 creatures vanquished

Notes
Turn   | Place    | Note
-------+----------+-------------------------------------------
     0 | D:1      | Reached skill level 10 in Fighting
     0 | D:1      | XanderDroid the Gnoll Wanderer began the quest for the Orb.
     0 | D:1      | XanderDroid set off with the following items: a wand of
                  | paralysis (15), a +0 spear, a +0 ring mail, a +0 dagger, a
                  | ration
     0 | D:1      | Reached XP level 1. HP: 28/28 MP: 2/2
   379 | D:1      | Reached XP level 2. HP: 36/36 MP: 3/3
   728 | D:2      | Reached XP level 3. HP: 36/42 MP: 4/4
  1123 | D:2      | Reached skill level 1 in Invocations
  1610 | D:2      | Reached skill level 1 in Short Blades
  1610 | D:2      | Reached skill level 1 in Long Blades
  1610 | D:2      | Reached skill level 1 in Axes
  1610 | D:2      | Reached skill level 1 in Maces & Flails
  1610 | D:2      | Reached skill level 1 in Staves
  1610 | D:2      | Reached skill level 1 in Slings
  1610 | D:2      | Reached skill level 1 in Bows
  1610 | D:2      | Reached skill level 1 in Crossbows
  1610 | D:2      | Reached skill level 1 in Throwing
  1610 | D:2      | Reached skill level 1 in Dodging
  1610 | D:2      | Reached skill level 1 in Shields
  1610 | D:2      | Reached skill level 1 in Unarmed Combat
  1610 | D:2      | Reached skill level 1 in Spellcasting
  1610 | D:2      | Reached XP level 4. HP: 41/48 MP: 4/6
  2251 | D:3      | Noticed a centaur
  2274 | D:3      | Killed a centaur
  2274 | D:3      | Reached skill level 1 in Conjurations
  2274 | D:3      | Reached skill level 1 in Hexes
  2274 | D:3      | Reached skill level 1 in Charms
  2274 | D:3      | Reached skill level 1 in Summonings
  2274 | D:3      | Reached skill level 1 in Necromancy
  2274 | D:3      | Reached skill level 1 in Translocations
  2274 | D:3      | Reached skill level 1 in Transmutations
  2274 | D:3      | Reached skill level 1 in Fire Magic
  2274 | D:3      | Reached skill level 1 in Ice Magic
  2274 | D:3      | Reached skill level 1 in Air Magic
  2274 | D:3      | Reached skill level 1 in Earth Magic
  2274 | D:3      | Reached skill level 1 in Poison Magic
  2274 | D:3      | Reached XP level 5. HP: 8/54 MP: 7/7
  3538 | D:3      | Reached XP level 6. HP: 31/61 MP: 8/8
  3739 | D:4      | Found a glowing drain.
  3743 | Sewer    | Entered a sewer
  3810 | Sewer    | Noticed Purgy
  3875 | Sewer    | Killed Purgy
  4271 | D:4      | Reached XP level 7. HP: 33/67 MP: 10/10
  5282 | D:4      | Reached skill level 5 in Stealth
  5497 | D:4      | Noticed Natasha
  5503 | D:4      | Killed Natasha
  5693 | D:5      | Entered Level 5 of the Dungeon
  5745 | D:5      | Reached XP level 8. HP: 74/74 MP: 12/12
  5808 | D:4      | Noticed Natasha
  5814 | D:4      | Killed Natasha
  5979 | D:5      | Learned a level 1 spell: Confusing Touch
  6562 | D:5      | Found Zitzukau's Distillery.
  6575 | D:5      | Bought a potion of curing for 39 gold pieces
  6576 | D:5      | Bought a potion of heal wounds for 65 gold pieces
  6576 | D:5      | Bought a potion of curing for 39 gold pieces
  6576 | D:5      | Bought a potion of degeneration for 13 gold pieces
  6985 | D:6      | Reached skill level 11 in Fighting
  6985 | D:6      | Reached XP level 9. HP: 79/81 MP: 14/14
  7494 | D:6      | Got a heavily jewelled robe
  7518 | D:6      | Identified the +3 robe of the Spider Nest {+Blink Dex+2}
                  | (You found it on level 6 of the Dungeon)
  7640 | D:6      | Found a glowing silver altar of Zin.
  7789 | D:7      | Found a staircase to the Ecumenical Temple.
  7798 | Temple   | Entered the Ecumenical Temple
  7839 | Temple   | Became a worshipper of Ashenzari the Shackled
  8616 | D:6      | Reached skill level 5 in Polearms
  8616 | D:6      | Reached skill level 5 in Armour
  8616 | D:6      | Reached skill level 5 in Evocations
 10650 | D:8      | Found a deep blue altar of Sif Muna.
 10728 | D:8      | Noticed Grum
 10779 | D:8      | Reached skill level 5 in Invocations
 11160 | D:8      | Killed Grum
 11428 | D:8      | Found a staircase to the Lair.
 11449 | D:8      | Reached XP level 10. HP: 72/88 MP: 15/17
 11799 | D:8      | Noticed a two-headed ogre
 12224 | D:8      | Reached * piety under Ashenzari
 13380 | D:9      | Found a basalt altar of Yredelemnul.
 13385 | D:9      | Found a staircase to the Orcish Mines.
 13405 | D:8      | Reached skill level 5 in Short Blades
 13405 | D:8      | Reached skill level 5 in Long Blades
 13405 | D:8      | Reached skill level 5 in Axes
 13405 | D:8      | Reached skill level 5 in Maces & Flails
 13405 | D:8      | Reached skill level 5 in Staves
 13405 | D:8      | Reached skill level 5 in Slings
 13405 | D:8      | Reached skill level 5 in Bows
 13405 | D:8      | Reached skill level 5 in Crossbows
 13405 | D:8      | Reached skill level 5 in Throwing
 13405 | D:8      | Reached skill level 5 in Dodging
 13405 | D:8      | Reached skill level 5 in Shields
 13405 | D:8      | Reached skill level 5 in Unarmed Combat
 13405 | D:8      | Reached skill level 5 in Spellcasting
 14853 | D:9      | Learned a level 1 spell: Magic Dart
 14878 | D:10     | Entered Level 10 of the Dungeon
 14878 | D:10     | Noticed Harold
 15298 | D:10     | Paralysed by Harold for 5 turns
 16115 | D:10     | Reached XP level 11. HP: 36/95 MP: 19/19
 16479 | D:10     | Killed Harold
 16596 | D:11     | Got the uncursed helmet "Fihoem" {rElec rCorr Int+4}
 16604 | D:11     | Identified the +1 helmet "Fihoem" {rElec rCorr Int+4} (You
                  | found it on level 11 of the Dungeon)
 17076 | D:10     | Reached skill level 5 in Conjurations
 17076 | D:10     | Reached skill level 5 in Hexes
 17076 | D:10     | Reached skill level 5 in Charms
 17076 | D:10     | Reached skill level 5 in Summonings
 17076 | D:10     | Reached skill level 5 in Necromancy
 17076 | D:10     | Reached skill level 5 in Translocations
 17076 | D:10     | Reached skill level 5 in Transmutations
 17076 | D:10     | Reached skill level 5 in Fire Magic
 17076 | D:10     | Reached skill level 5 in Ice Magic
 17076 | D:10     | Reached skill level 5 in Air Magic
 17076 | D:10     | Reached skill level 5 in Earth Magic
 17076 | D:10     | Reached skill level 5 in Poison Magic
 19548 | D:11     | Reached skill level 12 in Fighting
 19552 | D:11     | Noticed a cyclops
 19754 | D:11     | Got the uncursed pair of boots of Failure {Str+3}
 19765 | D:11     | Identified the +1 pair of boots of Failure {Str+3} (You
                  | found it on level 11 of the Dungeon)
 19861 | D:11     | Killed a cyclops
 20130 | D:11     | Learned a level 2 spell: Ensorcelled Hibernation
 20145 | D:11     | Reached ** piety under Ashenzari
 20273 | D:11     | Noticed Nergalle
 20279 | D:11     | Killed Nergalle
 20696 | D:5      | Bought a potion of invisibility for 104 gold pieces
 20779 | Lair:1   | Entered Level 1 of the Lair of Beasts
 20974 | Lair:1   | Reached XP level 12. HP: 91/102 MP: 22/22
 21415 | Lair:1   | Identified a scroll of acquirement
 21418 | Lair:1   | Identified the cursed ring "Naoc" {Int+8 Dex+4} (You
                  | acquired it on level 1 of the Lair of Beasts)
 21474 | Lair:1   | Noticed a six-headed hydra
 21825 | D:8      | Killed a two-headed ogre
 21903 | Lair:1   | Slain by a six-headed hydra

Vault maps used:
D:1:      minmay_arrival_widening_spiral_wide, minmay_shallow_snake_nest
D:3:      kennysheep_potato
D:4:      gup_sewer_entry_bowl, kennysheep_donut, uniq_natasha
D:5:      first_ration, serial_shops, shop
D:6:      lemuel_doored_altar, kennysheep_generic_room_11
D:7:      minmay_temple_entry_statues_fountains, grunt_ogre_cave,
          hangedman_decor_peaks_small
D:8:      erik_lair_orcish_takeover, basic_altar, minivault_24, uniq_grum
D:9:      orc_0_dummy, yredelemnul_altar_generic
D:10:     eino_tiny_chamber, uniq_harold
D:11:     bh_circular_ruins, uniq_nergalle
Temple:   kilobyte_greek_temple
Lair:1:   st_stairs_5, lemuel_fruit_tree
Sewer:    sewer_co_purgy_island

Skill      XL: |  1  2  3  4  5  6  7  8  9 10 11 |
---------------+----------------------------------+-----
Fighting       | 11 12 | 12.2
Invocations    | 1 2 3 4 5 6 7 |  7.6
Short Blades   | 1 2 3 4 5 6 |  6.9
Long Blades    | 1 2 3 4 5 6 |  6.9
Axes           | 1 2 3 4 5 6 |  6.9
Maces & Flails | 1 2 3 4 5 6 |  6.9
Staves         | 1 2 3 4 5 6 |  6.9
Slings         | 1 2 3 4 5 6 |  6.9
Bows           | 1 2 3 4 5 6 |  6.9
Crossbows      | 1 2 3 4 5 6 |  6.9
Throwing       | 1 2 3 4 5 6 |  6.9
Dodging        | 1 2 3 4 5 6 |  6.9
Shields        | 1 2 3 4 5 6 |  6.9
Unarmed Combat | 1 2 3 4 5 6 |  6.9
Spellcasting   | 1 2 3 4 5 6 |  6.9
Conjurations   | 1 2 3 4 5 |  5.7
Hexes          | 1 2 3 4 5 |  5.7
Charms         | 1 2 3 4 5 |  5.7
Summonings     | 1 2 3 4 5 |  5.7
Necromancy     | 1 2 3 4 5 |  5.7
Translocations | 1 2 3 4 5 |  5.7
Transmutations | 1 2 3 4 5 |  5.7
Fire Magic     | 1 2 3 4 5 |  5.7
Ice Magic      | 1 2 3 4 5 |  5.7
Air Magic      | 1 2 3 4 5 |  5.7
Earth Magic    | 1 2 3 4 5 |  5.7
Poison Magic   | 1 2 3 4 5 |  5.7
Polearms       | 3 4 5 6 7 |  7.4
Armour         | 3 4 5 6 7 |  7.4
Evocations     | 3 4 5 6 7 |  7.4
Stealth        | 5 6 7 8 |  8.2

Action                   |  1- 3 |  4- 6 |  7- 9 | 10-12 || total
-------------------------+-------+-------+-------+-------++-------
Melee: Spear             |   173 |   301 |    36 |       ||   510
       Bite              |     7 |    34 |    85 |   138 ||   264
       Punch             |     2 |       |       |       ||     2
       Hand axe          |       |       |   297 |       ||   297
       Short sword       |       |       |   156 |   153 ||   309
       Whip              |       |       |   146 |   804 ||   950
       Morningstar       |       |       |       |    45 ||    45
       Dagger            |       |       |       |     6 ||     6
 Cast: Confusing Touch   |       |       |     1 |     7 ||     8
Invok: Curse Item        |       |       |     1 |     3 ||     4
 Abil: Evoke Blink       |       |       |     1 |       ||     1
  Use: Scroll            |       |     5 |     8 |    19 ||    32
       Potion            |       |       |     3 |     2 ||     5
 Stab: Sleeping          |     7 |    12 |    19 |    13 ||    51
       Distracted        |       |     1 |       |       ||     1
       Confused          |       |       |       |     7 ||     7
  Eat: Chunk             |     2 |     6 |    13 |     9 ||    30
       Ration            |       |     1 |     3 |     8 ||    12
Armor: Ring mail         |    55 |   159 |   115 |   174 ||   503
       Robe              |       |       |    62 |   127 ||   189
       Troll leather arm |       |       |       |     5 ||     5
Dodge: Dodged            |    75 |   156 |   315 |   604 ||  1150
Block: Buckler           |       |    50 |   114 |   175 ||   339
       Shield            |       |       |       |   128 ||   128

Table legend:
 A = Non-vault XP
 B = Vault XP
 C = Vault XP percentage of total XP
 D = Non-vault monster count
 E = Vault monster count
 F = Vault count percentage of total count
                 A         B        C        D         E       F
            +---------+---------+-------+---------+---------+-------
      Total |   17841 |    3206 |  15.2 |     313 |      27 |   7.9
            +---------+---------+-------+---------+---------+-------
        D:1 |      29 |       0 |   0.0 |      19 |       0 |   0.0
        D:2 |      56 |       0 |   0.0 |      26 |       0 |   0.0
        D:3 |     296 |       0 |   0.0 |      32 |       0 |   0.0
        D:4 |     678 |      42 |   5.8 |      39 |       4 |   9.3
        D:5 |    1055 |       0 |   0.0 |      28 |       0 |   0.0
        D:6 |     747 |       0 |   0.0 |      19 |       0 |   0.0
        D:7 |     935 |     118 |  11.2 |      24 |       1 |   4.0
        D:8 |    1546 |     942 |  37.9 |      26 |      10 |  27.8
        D:9 |    2206 |       0 |   0.0 |      31 |       0 |   0.0
       D:10 |    3840 |     934 |  19.6 |      23 |       1 |   4.2
       D:11 |    3961 |     863 |  17.9 |      34 |       3 |   8.1
     Lair:1 |    2492 |     147 |   5.6 |      12 |       1 |   7.7
      Sewer |       0 |     160 | 100.0 |       0 |       7 | 100.0
            +---------+---------+-------+---------+---------+-------
